Map: Catalyseur EC

Players

HoldTheDoor - Winner!

  • Race: Protoss Protoss
  • League: Diamond
  • Spawn Location: 5:00

Nano

  • Race: Protoss Protoss
  • League: Platinum
  • Spawn Location: 11:00

VOD

Have the link to the VOD?

Description

Time

  • Played on: July 4, 2018, 1:36 p.m.
  • Length: 2:44
Show
View Real Time Build Order
Export as new Build Order

HoldTheDoor Protoss - Winner!

Build Orders:  

Get SALT Encoding   

  12  0:01  Probe  
  13  0:13  Probe  
  14  0:19  Pylon  
  14  0:25  Probe  
  15  0:37  Probe  
  15  0:38  Forge  
  16  0:45  Probe  
  17  0:58  Pylon  
  17  1:02  Probe  
  18  1:21  Pylon  
  18  1:28  Photon Cannon  
  18  1:29  Gateway  
  18  1:36  Probe  
  19  1:40  Assimilator  
  19  1:41  Pylon  
  19  1:49  Probe  
  20  2:00  Photon Cannon  
  20  2:02  Photon Cannon  
  19  2:31  Photon Cannon  
  19  2:32  Pylon  
  19  2:34  Photon Cannon  
Show
View Real Time Build Order
Export as new Build Order

Nano Protoss 

Build Orders:  

Get SALT Encoding   

  12  0:00  Probe  
  13  0:13  Pylon  
  13  0:19  Probe  
  14  0:30  Probe  
  14  0:35  Gateway  
  15  0:38  Probe  
  16  0:44  Assimilator  
  16  0:46  Probe  
  17  0:58  Probe  
  18  1:04  Gateway  
  18  1:10  Probe  
  19  1:11  Assimilator  
  19  1:22  Probe  
  20  1:33  Cybernetics Core  
  20  1:34  Probe  
  21  1:44  Pylon  
  21  1:46  Probe  
  22  1:59  Probe  
  16  2:27  Robotics Facility  
  16  2:29  Probe  
Tags
 
Add a new tag
Caveats
  • Supply blocks, unpowered buildings, or Contaminate may cause inaccurate times.
  • Supply counts are checked every 10 seconds.